 Dungeon Crawl Stone Soup version 0.21-a0-460-g737a915 (webtiles) character file.

562 4thArraOfDagon the Grappler (level 7, -3/57 HPs)
             Began as a Centaur Monk on Nov 20, 2017.
             Was a Believer of Ashenzari.
             Slain by a scorpion (5 damage)
             ... on level 7 of the Dungeon.
             The game lasted 00:12:04 (2228 turns).

4thArraOfDagon the Grappler (Centaur Monk)          Turns: 2228, Time: 00:12:04

Health: -3/57      AC:  5    Str: 17    XL:     7   Next: 10%
Magic:  7/7        EV: 10    Int: 11    God:    Ashenzari [**....]
Gold:   150        SH:  0    Dex: 14    Spells: 6/6 levels left

rFire    . . .     SeeInvis .     - Unarmed
rCold    . . .     Gourm    .   (no shield)
rNeg     . . .     Faith    .   a - +0 robe
rPois    +         Spirit   .   (no helmet)
rElec    .         Reflect  .   i - +0 cloak
rCorr    +         Harm     .   (no gloves)
MR       .....                  (no barding)
Stlth    +.........             (no amulet)
HPRegen  0.19/turn              h - ring of resist corrosion
MPRegen  0.10/turn              e - +4 ring of strength

@: about to teleport, glowing, very quick
A: hooves 3, thin skeletal structure 1, deformed body, speed 2, poison
resistance, tough skin 3, sturdy frame 1
a: Curse Item, Scrying, Renounce Religion


You were on level 7 of the Dungeon.
You worshipped Ashenzari.
Ashenzari was pleased with you.
You were not hungry.

You visited 2 branches of the dungeon, and saw 9 of its levels.
You also visited: Sewer.

You collected 150 gold pieces.

Inventory:

Armour
 a - a +0 robe (worn)
 i - a +0 cloak (worn)
Jewellery
 e - a +4 ring of strength (right hand)
 h - a ring of resist corrosion (left hand)
Wands
 f - a wand of flame (36)
Scrolls
 c - 3 scrolls of identify
 l - a scroll of blinking {unknown}
Potions
 g - 2 potions of brilliance
 j - a potion of mutation
Comestibles
 b - 3 bread rations
 d - 2 meat rations
 m - a royal jelly
 n - a chunk of flesh


   Skills:
 - Level 3.0 Fighting
 - Level 2.1 Dodging
 - Level 1.1 Stealth
 * Level 8.2 Unarmed Combat


You had 6 spell levels left.
You didn't know any spells.

Dungeon Overview and Level Annotations

Branches:
Dungeon (8/15)             Temple (1/1) D:4
   Lair: D:8-11

Altars:
Ashenzari
Cheibriados
Dithmenos
Fedhas
Gozag
Hepliaklqana
Kikubaaqudgha
Makhleb
Nemelex Xobeh
Okawaru
Qazlal
Ru
Sif Muna
Trog
Uskayaw
Vehumet
Wu Jian
Xom
Yredelemnul
Zin
The Shining One

Annotations:
D:4 4thArraOfDagon's ghost, weakling CeTm
D:7 Dowan; Duvessa; zero's ghost, novice GrBe
D:8 Prince Ribbit; Psyche


Innate Abilities, Weirdness & Mutations

You have hooves in place of feet.
Armour fits poorly on your strangely shaped body.
You cover ground very quickly.
You have extremely tough skin. (AC +3)
You have a somewhat thin skeletal structure. (Dex +2, Stealth)
Your system is resistant to poisons. (rPois)
Your movements are slightly less encumbered by armour. (ER -2)


Message History

Unknown command.
Unknown command.
The gnoll shaman calls down the wrath of its god upon you.
You are outlined in light.
Zero's ghost turns its malevolent gaze towards you.
A scorpion comes into view.
As you read the scroll of teleportation, it crumbles to dust.
You feel strangely unstable.
Unknown command.
Unknown command.
The scorpion stings you.
* * * LOW HITPOINT WARNING * * *
The gnoll completely misses you.
Unknown command.
Unknown command.
You barely miss the gnoll. Your kick misses the gnoll.
You punch the gnoll, but do no damage. The gnoll hits you but does no damage.
The gnoll shaman calls upon its god to speed up the gnoll.
The gnoll seems to speed up.
The scorpion stings you.
You die...

# # * # , ##############
##### .)............ , #...
###....##############.#######
.........g.g...g@sW..>.......
###....############.#.#######
,#....#** #'#.# , #......,,
..... ,###..... * #......
#...... * #......# *.......
#......# ,,... ,, ##.#.### ,
#.#..


You could see a gnoll shaman, a scorpion, zero's ghost and 2 gnolls.

Vanquished Creatures
  A water moccasin (D:8)
  A centaur (D:7)
  A water moccasin zombie (D:5)
  A jelly (D:5)
  An orc priest (D:4)
  An orc wizard (D:4)
  A bullfrog skeleton (D:4)
  2 hounds (D:4)
  2 worker ants
  3 adders
  A shadow imp (D:5)
  3 adder skeletons
  A worm (D:4)
  3 leopard geckos
  9 orcs
  A bat (D:1)
  3 giant cockroaches
  2 hobgoblins
  A jackal (Sewer)
  2 quokkas
  2 ball pythons
  A ball python skeleton (D:4)
  5 frilled lizards
  2 goblins (D:1)
  5 kobolds
  A leopard gecko zombie (D:5)
56 creatures vanquished.

Notes
Turn   | Place    | Note
-------+----------+-------------------------------------------
     0 | D:1      | 4thArraOfDagon the Centaur Monk began the quest for the Orb.
     0 | D:1      | Reached XP level 1. HP: 19/19 MP: 1/1
   207 | D:2      | Reached XP level 2. HP: 15/26 MP: 2/2
   289 | D:4      | Gained mutation: You have a somewhat thin skeletal structure. (Dex +2, Stealth) [potion of mutation]
   289 | D:4      | Gained mutation: Your system is resistant to poisons. (rPois) [potion of mutation]
   289 | D:4      | Gained mutation: Your movements are slightly less encumbered by armour. (ER -2) [potion of mutation]
   294 | D:4      | Reached skill level 4 in Unarmed Combat
   294 | D:4      | Reached XP level 3. HP: 10/31 MP: 3/3
   354 | D:5      | Entered Level 5 of the Dungeon
   379 | D:6      | Noticed an ice beast
   436 | D:6      | Found a glowing drain.
   689 | D:6      | Noticed a scorpion
   690 | D:6      | Noticed an ogre
   692 | Sewer    | Entered a sewer
   714 | Sewer    | Noticed a crocodile
   871 | D:7      | Noticed Duvessa
   871 | D:7      | Noticed Dowan
   886 | D:8      | Reached skill level 5 in Unarmed Combat
   886 | D:8      | Reached XP level 4. HP: 33/38 MP: 4/4
   929 | D:7      | Noticed zero's ghost (novice GrBe)
   950 | D:8      | Noticed a centaur
  1079 | D:8      | Noticed an orc warrior
  1128 | D:8      | Noticed a two-headed ogre
  1138 | D:8      | Noticed a water moccasin
  1148 | D:8      | Killed a water moccasin
  1148 | D:8      | Reached skill level 6 in Unarmed Combat
  1148 | D:8      | Reached XP level 5. HP: 29/45 MP: 5/5
  1164 | D:8      | Noticed Prince Ribbit
  1171 | D:8      | Noticed Psyche
  1501 | D:4      | Reached XP level 6. HP: 29/51 MP: 6/6
  1545 | D:4      | Reached skill level 7 in Unarmed Combat
  1569 | D:4      | Noticed 4thArraOfDagon's ghost (weakling CeTm)
  1616 | D:4      | Found a staircase to the Ecumenical Temple.
  1625 | Temple   | Entered the Ecumenical Temple
  1662 | Temple   | Became a worshipper of Ashenzari the Shackled
  1662 | Temple   | Reached * piety under Ashenzari
  1662 | Temple   | Reached ** piety under Ashenzari
  2208 | D:7      | HP: 1/51 [centaur (2)]
  2209 | D:7      | Reached skill level 8 in Unarmed Combat
  2209 | D:7      | Reached XP level 7. HP: 2/57 MP: 7/7
  2227 | D:7      | HP: 2/57 [scorpion (2)]
  2228 | D:7      | Slain by a scorpion

Vault maps used:
D:1:      saegor_arrival_simple_e
D:2:      minmay_tetromino_t4, uniq_natasha
D:3:      first_bread
D:4:      minmay_temple_entry_poolview, hangedman_decor_slide_cut
D:6:      portal_sewer_entry_a
D:7:      serial_shops, shop, basic_altar, uniq_duvessa
D:8:      uniq_prince_ribbit1, uniq_psyche
Temple:   kilobyte_greek_temple
Sewer:    sewer_the_crocodile

Skill      XL: |  1  2  3  4  5  6 |
---------------+-------------------+-----
Unarmed Combat | 4 5 6 8 |  8.2
Fighting       | |  3.0
Dodging        | |  2.1
Stealth        | |  1.1

Action                   |  1- 3 |  4- 6 |  7- 9 || total
-------------------------+-------+-------+-------++-------
Melee: Unarmed           |    64 |   141 |     1 ||   206
       Kick              |     4 |    31 |       ||    35
       Punch             |     1 |     5 |     1 ||     7
  Use: Potion            |     9 |     2 |       ||    11
       Scroll            |     8 |     2 |     1 ||    11
 Stab: Invisible         |     3 |       |       ||     3
       Sleeping          |       |     1 |       ||     1
  Eat: Royal jelly       |       |     1 |       ||     1
       Chunk             |       |     1 |       ||     1
Armor: Robe              |    33 |    34 |     1 ||    68
       Skin              |     4 |     8 |       ||    12
Dodge: Dodged            |    44 |    65 |     2 ||   111

Table legend:
 A = Spawn XP
 B = Non-spawn XP
 C = Spawn XP percentage of total XP
 D = Spawn monster count
 E = Non-spawn monster count
 F = Spawn count percentage of total count
 G = Total turns spent on level
                    A         B        C        D         E        F      G
               +---------+---------+-------+---------+---------+-------+---------
         Total |       0 |     804 |   0.0 |       0 |      56 |   0.0 |  2228
               +---------+---------+-------+---------+---------+-------+---------
           D:1 |       0 |       7 |   0.0 |       0 |       4 |   0.0 |    93
           D:2 |       0 |      17 |   0.0 |       0 |       4 |   0.0 |   100
           D:3 |       0 |      35 |   0.0 |       0 |       6 |   0.0 |   315
           D:4 |       0 |     247 |   0.0 |       0 |      20 |   0.0 |   383
           D:5 |       0 |     183 |   0.0 |       0 |       8 |   0.0 |   376
           D:6 |       0 |       6 |   0.0 |       0 |       3 |   0.0 |   336
           D:7 |       0 |     119 |   0.0 |       0 |       3 |   0.0 |   163
           D:8 |       0 |     184 |   0.0 |       0 |       4 |   0.0 |   301
         Sewer |       0 |       6 |   0.0 |       0 |       4 |   0.0 |    87
               +---------+---------+-------+---------+---------+-------+---------
